 Dungeon Crawl Stone Soup version 0.27-a0-1312-g5cdb2b3542 (webtiles) character file.

Game seed: 12371845527456094389

240 Demosthentine the Poker (level 6, -3/47 HPs)
             Began as a Merfolk Gladiator on June 20, 2021.
             Slain by Pikel (5 damage)
             ... on level 3 of the Dungeon.
             The game lasted 00:03:44 (3697 turns).

Demosthentine the Poker (Merfolk Gladiator)         Turns: 3697, Time: 00:03:44

Health: -3/47      AC:  5    Str: 16    XL:     6   Next: 8%
Magic:  6/6        EV: 14    Int:  7    God:
Gold:   92         SH:  0    Dex: 16    Spells: 5/5 levels left

rFire    + . .     SeeInvis .   a - +0 trident
rCold    . . .     Faith    .   (no shield)
rNeg     . . .     Spirit   .   b - +0 leather armour
rPois    +         Reflect  .   c - +0 helmet
rElec    .         Harm     .   (no cloak)
rCorr    .         Rampage  .   l - +0 pair of gloves
Will     .....                  (no boots)
Stlth    +.........             h - amulet of magic regeneration
HPRegen  0.15/turn              j - ring of protection from fire
MPRegen  0.35/turn              o - ring of poison resistance

@: no status effects
A: (nimble swimmer 2), mertail, deterioration 1, wild magic 1
a: no special abilities


You were on level 3 of the Dungeon.
You visited 1 branch of the dungeon, and saw 4 of its levels.

You collected 92 gold pieces.

Inventory:

Hand Weapons
 a - a +0 trident (weapon)
Missiles
 n - 5 curare-tipped darts (quivered)
Armour
 b - a +0 leather armour (worn)
 c - a +0 helmet (worn)
 f - a +0 buckler
 l - a +0 pair of gloves (worn)
Jewellery
 h - an amulet of magic regeneration (around neck)
 j - a ring of protection from fire (left hand)
 o - a ring of poison resistance (right hand)
Wands
 k - a wand of iceblast (11)
Scrolls
 g - 2 scrolls of blinking
 q - 3 scrolls of teleportation
 r - a scroll of amnesia
Potions
 i - a potion of might


   Skills:
 + Level 3.5 Fighting
 + Level 5.8 Polearms
 - Level 2.0 Throwing
 + Level 1.6 Armour
 + Level 5.2 Dodging
 + Level 2.2 Shields


You had 5 spell levels left.
You didn't know any spells.
Your spell library was empty.

Dungeon Overview and Level Annotations

Branches:
Dungeon (4/15)
 Temple: D:4-7

Altars:
Makhleb
Nemelex Xobeh

Annotations:
D:3 Pikel
D:4 Sigmund


Innate Abilities, Weirdness & Mutations

((You are quick and stealthy near water. (Stealth+, EV+, Speed+++)))
Your lower body shifts to a powerful aquatic tail in water.
Your body sometimes deteriorates upon taking damage.
Your spells are a little harder to cast, but a little more powerful.


Message History

Pikel is moderately wounded.
Pikel struggles against the net.
You hit Pikel.
Pikel is moderately wounded.
Pikel struggles against the net.
You catch the helpless Pikel completely off-guard!
You hit Pikel.
Pikel is moderately wounded.
Pikel struggles against the net.
You catch the helpless Pikel completely off-guard!
You hit Pikel.
Pikel is heavily wounded.
Pikel struggles against the net.
The net rips apart, and Pikel comes free!
You hit Pikel but do no damage.
Pikel is heavily wounded.
Pikel closely misses you.
It was a potion of mutation.
You feel extremely strange.
You feel yourself wasting away.
You feel less in control of your magic. Pikel closely misses you.
It was a potion of curing.
You feel better.
Pikel hits you with a +0 whip of freezing.
Pikel freezes you.
* * * LOW HITPOINT WARNING * * *
You closely miss Pikel.
Pikel is heavily wounded.
Pikel hits you with a +0 whip of freezing!
* * * LOW HITPOINT WARNING * * *
Pikel freezes you.
* * * LOW HITPOINT WARNING * * *
You hit Pikel but do no damage.
Pikel is heavily wounded.
Pikel hits you with a +0 whip of freezing.
* * * LOW HITPOINT WARNING * * *
Pikel freezes you.
* * * LOW HITPOINT WARNING * * *
You hit Pikel but do no damage.
Pikel is heavily wounded.
Pikel hits you with a +0 whip of freezing.
You die...

### ##.# ...# ##.#
##.##############################
##.#............................#
##.#.##########################.#
...#.############# #.#
.........(.....K@# #.#
...#.#.#.#######.# #.# .#.#.#.#.#
##'######### #.#
##.#.#.#.######).........# #.#
...#.#.#......'..........# #.#
####(#.########...)......# #.#
.....#.....# #....######## #.#
.#####.###.# #.##.#...# #># .#
#.# #.# #.##.#<#.# #.#


You could see Pikel.

Vanquished Creatures
  An ogre (D:3)
  Terence (D:2)
  5 adders
  A worm (D:3)
  2 dart slugs
  4 orcs (D:3)
  5 ball pythons
  5 endoplasms
  7 giant cockroaches
  6 goblins
  6 hobgoblins
  6 jackals
  4 kobolds
  4 quokkas
  7 bats
  3 frilled lizards
  5 rats
72 creatures vanquished.

Notes
Turn   | Place    | Note
-------+----------+-------------------------------------------
     0 | D:1      | Demosthentine the Merfolk Gladiator began the quest for the
                  | Orb.
     0 | D:1      | Reached XP level 1. HP: 16/16 MP: 1/1
   323 | D:1      | Reached XP level 2. HP: 21/23 MP: 2/2
   890 | D:1      | Reached XP level 3. HP: 27/28 MP: 3/3
   929 | D:1      | Found a faded altar of an unknown god.
   993 | D:1      | Reached skill level 1 in Shields
  1674 | D:2      | Reached skill level 5 in Polearms
  1962 | D:2      | Reached XP level 4. HP: 34/34 MP: 4/4
  2044 | D:2      | Noticed Terence
  2092 | D:2      | Killed Terence
  2093 | D:2      | Reached skill level 1 in Armour
  2513 | D:2      | Found a sparkling altar of Nemelex Xobeh.
  2600 | D:3      | Noticed an ogre
  2605 | D:3      | Killed an ogre
  2606 | D:3      | Reached skill level 5 in Dodging
  2606 | D:3      | Reached XP level 5. HP: 28/41 MP: 5/5
  3551 | D:4      | Reached XP level 6. HP: 47/47 MP: 6/6
  3561 | D:4      | Found a burning altar of Makhleb.
  3567 | D:4      | Identified the +2 robe of Ishuoqas {rN+ Will+ Int+3 Stlth+}
  3573 | D:4      | Noticed Sigmund
  3665 | D:4      | Noticed Pikel
  3693 | D:3      | Gained mutation: Your body sometimes deteriorates upon
                  | taking damage. [potion of mutation]
  3693 | D:3      | Gained mutation: Your spells are a little harder to cast,
                  | but a little more powerful. [potion of mutation]
  3696 | D:3      | HP: 2/47 [Pikel (1)]
  3697 | D:3      | Slain by Pikel

Illustrated notes

Levels and vault maps discovered:
D:1:      amcnicky_arrival_flooded_fountain, layout_loops_cross,
          shapermc_ecumenical_altar_flowoftime
D:2:      minmay_wonky_spiral, layout_basic, minmay_misc_feat_room,
          minmay_misc_feat_nine_boxes, kennysheep_flooded_box, uniq_terence
D:3:      layout_basic
D:4:      layout_basic, bloody_makhleb, uniq_sigmund, uniq_robin, uniq_pikel

Skill      XL: |  1  2  3  4 |
---------------+-------------+-----
Shields        | 1 2 |  2.2
Polearms       | 5 |  5.8
Armour         | 1 |  1.6
Fighting       | 3 |  3.5
Dodging        | 5 |  5.2
Throwing       | |  2.0

Action                   |  1- 3 |  4- 6 || total
-------------------------+-------+-------++-------
Melee: Trident           |   127 |   144 ||   271
Throw: Throwing net      |       |     3 ||     3
  Use: Scroll            |     3 |     2 ||     5
       Potion            |       |     2 ||     2
 Stab: Sleeping          |     7 |     1 ||     8
       Held in net/web   |       |     3 ||     3
Armor: Leather armour    |    19 |    23 ||    42
Dodge: Dodged            |    70 |    89 ||   159

Table legend: (Time is in decaauts)
 A = Elapsed time spent in this place.
 B = Non-inter-level travel time spent in this place.
 C = Inter-level travel time spent in this place.
 D = Time resting spent in this place.
 E = Time spent auto-exploring this place.
 F = Levels seen in this place.
 G = Mean time per level.
                   A        B        C        D        E       F      G
               +--------+--------+--------+--------+--------+-----+--------+
         Total |   3706 |   3687 |     19 |     21 |   3016 |   4 |  926.5 |
       Dungeon |   3706 |   3687 |     19 |     21 |   3016 |   4 |  926.5 |
               +--------+--------+--------+--------+--------+-----+--------+

Top non-repeatable levels by time:
     D:2: 1308 daAuts
     D:1: 1288 daAuts
     D:3: 1018 daAuts
     D:4: 90 daAuts
